cohdb
Replays
Latest Replays
All Replays
Popular Replays
Top Player Replays
Match Explorer
How It Works
Community
CoH3 Stats
Reddit
Sign in to upload your games and track your stats! →
Sign in with Steam
Match 39512599
Unlisted
Match 39512599
Overview
Messages
Build Orders
End
Construct Barracks
Riflemen Squad
Riflemen Squad
Riflemen Squad
Grenade Package
Infantry Support Center
Construct Motor Pool
Riflemen Squad
Selects Advanced Infantry Battlegroup
Selects Convert to Ranger Squad
Selects Frontline Medical Station
Advanced Logistics
Construct Motor Pool
Ranger Squad
Convert to Ranger Squad
Construct Tank Depot
Selects Ranger Weapon Training
Ranger Squad
Selects Ammunition Storage
Convert to Ranger Squad
Engineer Squad
Construct Medical Station
Ranger Squad
Selects M2A1 105mm Howitzer Emplacement
Selects 155mm Rapid Artillery Barrage
Frontline Medical Station
Ranger Squad
Ranger Squad
Kingstriker
SnakeOk
DaddyIssues
Patton
Nuclear Viking
Dry Devil
MIHua
ModMapper
0
0
Comments
sign in to comment!
No comments posted yet!